 Dungeon Crawl Stone Soup version 0.27-a0-1065-ge809cff456 (webtiles) character file.

Game seed: 11815323055768220633

165 shoop the Poker (level 5, -1/41 HPs)
             Began as a Merfolk Gladiator on Apr 24, 2021.
             Slain by an iguana (12 damage)
             ... on level 3 of the Dungeon.
             The game lasted 00:06:19 (3280 turns).

shoop the Poker (Merfolk Gladiator)                 Turns: 3280, Time: 00:06:20

Health: -1/41      AC:  4    Str: 14    XL:     5   Next: 46%
Magic:  0/5        EV: 13    Int:  9    God:
Gold:   90         SH:  0    Dex: 15    Spells: 4/4 levels left

rFire    . . .     SeeInvis .   a - +0 trident
rCold    . . .     Faith    .   (no shield)
rNeg     . . .     Spirit   +   b - +0 leather armour
rPois    +         Reflect  .   c - +0 helmet
rElec    .         Harm     .   (no cloak)
rCorr    .         Rampage  .   (no gloves)
Will     .....                  (no boots)
Stlth    ++........             f - amulet of guardian spirit
HPRegen  0.13/turn              h - ring of poison resistance
MPRegen  0.09/turn              (no ring)

@: no status effects
A: (nimble swimmer 2), mertail
a: no special abilities


You were on level 3 of the Dungeon.
You visited 1 branch of the dungeon, and saw 4 of its levels.

You collected 209 gold pieces.
You spent 119 gold pieces at shops.

Inventory:

Hand Weapons
 a - a +0 trident (weapon)
 k - a +0 whip of electrocution
Missiles
 d - 3 throwing nets (quivered)
 u - 5 poisoned darts
Armour
 b - a +0 leather armour (worn)
 c - a +0 helmet (worn)
Jewellery
 f - an amulet of guardian spirit (around neck)
 h - a ring of poison resistance (left hand)
Scrolls
 e - a scroll of summoning {unknown}
 g - a scroll of noise {unknown}
 i - 2 scrolls of teleportation
 j - 2 scrolls of identify
 m - a scroll of enchant weapon {unknown}
 r - a scroll of fog {unknown}
 t - a scroll of fear
Potions
 l - a potion of curing {unknown}
 n - a potion of ambrosia {unknown}
 o - a potion of heal wounds {unknown}
 p - a potion of mutation {unknown}
 q - a potion of brilliance {unknown}
 s - a potion of resistance {unknown}


   Skills:
 + Level 3.1 Fighting
 * Level 7.6 Polearms
 - Level 2.0 Throwing
 - Level 4.0 Dodging
 - Level 2.0 Stealth


You had 4 spell levels left.
You didn't know any spells.
Your spell library contained the following spells:

 Spells                   Type           Power      Damage    Failure   Level
 Animate Skeleton         Necr           0%         N/A       45%         1
 Apportation              Tloc           0%         N/A       45%         1
 Corona                   Hex            0%         N/A       45%         1
 Summon Small Mammal      Summ           0%         N/A       45%         1


Dungeon Overview and Level Annotations

Branches:
Dungeon (4/15)
 Temple: D:4-7

Altars:
Elyvilon
Gozag

Shops:
D:3 ?

Annotations:
D:3 Natasha


Innate Abilities, Weirdness & Mutations

((You are quick and stealthy near water. (Stealth+, EV+, Speed+++)))
Your lower body shifts to a powerful aquatic tail in water.


Message History

There is an open door here.
Partly explored, can't reach some places.
Partly explored, can't reach some places.
Partly explored, can't reach some places.
(D) Dungeon
Where to? (Enter - D:3, ? - help)
There is a stone staircase leading down here.
You climb downwards.
An iguana, a ball python and a goblin come into view.
The iguana hisses angrily.
The goblin shouts!
Found a robe.
There is a stone staircase leading up here.
The ball python hisses angrily.
You reach to attack!
You puncture the ball python!
You kill the ball python!
You reach to attack!
You completely miss the iguana. The goblin hits you but does no damage.
The iguana bites you.
You climb upwards.
Level annotation: Natasha
There is a stone staircase leading down here.
You hit the iguana.
The iguana is moderately wounded.
The goblin hits you but does no damage. The iguana bites you!
You hit the iguana but do no damage.
The iguana is moderately wounded.
The goblin barely misses you. The iguana bites you.
You closely miss the iguana.
The iguana is moderately wounded.
The goblin hits you with a +0 dagger. The iguana bites you!
You are too injured to fight recklessly!
You are too injured to fight recklessly!
You hit the iguana but do no damage.
The iguana is moderately wounded.
The goblin hits you with a +0 dagger. The iguana bites you.
You closely miss the iguana.
The iguana is moderately wounded.
The goblin hits you with a +0 dagger.
* * * LOW HITPOINT WARNING * * *
The iguana bites you!
You die...

#.# #.# ###.###.#.
#.#######.........
#.#...............
#.#.#####.#)#####.
####.#.#####.#.......
######....................
#.................#.#####.
###.##.##l#.#####.#....##.
#.##.##@g.......+.......
#.##.####.##.##.#....##.
###.##.####.##.##.#....##.
#...........#..##.........
##..##.####.#.............
#................#..#....
#..##.####.#..##..##.#.#.
#..##.####.#..##.##.⌠.###
##..##...........####.#.#.


You could see an iguana and a goblin.

Vanquished Creatures
  A howler monkey (D:3)
  Terence (D:2)
  4 adders
  A worm (D:2)
  2 dart slugs
  10 endoplasms
  A giant cockroach (D:3)
  4 goblins
  4 hobgoblins
  4 jackals (D:2)
  A quokka (D:1)
  9 ball pythons
  4 bats
  4 frilled lizards
  3 kobolds
  4 rats
57 creatures vanquished.

Notes
Turn   | Place    | Note
-------+----------+-------------------------------------------
     0 | D:1      | shoop the Merfolk Gladiator began the quest for the Orb.
     0 | D:1      | Reached XP level 1. HP: 16/16 MP: 1/1
    89 | D:1      | Reached skill level 5 in Polearms
   199 | D:1      | Reached XP level 2. HP: 22/22 MP: 2/2
   429 | D:1      | Found a faded altar of an unknown god.
   697 | D:1      | Reached skill level 6 in Polearms
   697 | D:1      | Reached XP level 3. HP: 24/27 MP: 3/3
  1330 | D:2      | Reached XP level 4. HP: 11/33 MP: 1/4
  1665 | D:2      | Found a white marble altar of Elyvilon.
  1698 | D:2      | Noticed Terence
  1717 | D:2      | Killed Terence
  1718 | D:2      | Reached skill level 7 in Polearms
  1718 | D:2      | Reached skill level 1 in Stealth
  2305 | D:3      | Noticed Natasha
  2670 | D:3      | Found Lautets's Magic Scroll Boutique.
  2678 | D:3      | Bought a scroll of fear for 49 gold pieces
  2678 | D:3      | Bought a scroll of identify for 28 gold pieces
  2678 | D:3      | Bought a scroll of teleportation for 42 gold pieces
  2810 | D:3      | Reached XP level 5. HP: 36/40 MP: 5/5
  3135 | D:3      | Found an opulent altar of Gozag.
  3280 | D:3      | Slain by an iguana

Illustrated notes

Levels and vault maps discovered:
D:1:      psy_arrival_radial01, layout_basic,
          hellmonk_ecumenical_altar_pennies_from_heaven
D:2:      layout_basic, basic_altar, serial_glass, glass_columns_a,
          glass_columns_a, uniq_terence
D:3:      layout_basic, marbit_many_paths, serial_shops, shop,
          grunt_decor_mini_mirrors, minmay_misc_feat_secret_circle,
          minmay_misc_feat_tiny, lemuel_another_geyser, uniq_natasha
D:4:      layout_loops_ring, grunt_temple_overflow_open

Skill      XL: |  1  2  3  4  5 |
---------------+----------------+-----
Polearms       | 5 6 7 |  7.6
Stealth        | 1 2 |  2.0
Fighting       | 3 |  3.1
Throwing       | |  2.0
Dodging        | |  4.0

Action                   |  1- 3 |  4- 6 || total
-------------------------+-------+-------++-------
Melee: Trident           |   115 |    97 ||   212
       Whip              |     7 |       ||     7
 Stab: Sleeping          |     4 |     3 ||     7
Armor: Leather armour    |    15 |    23 ||    38
Dodge: Dodged            |    56 |    46 ||   102

Table legend: (Time is in decaauts)
 A = Elapsed time spent in this place.
 B = Non-inter-level travel time spent in this place.
 C = Inter-level travel time spent in this place.
 D = Time resting spent in this place.
 E = Time spent auto-exploring this place.
 F = Levels seen in this place.
 G = Mean time per level.
                   A        B        C        D        E       F      G
               +--------+--------+--------+--------+--------+-----+--------+
         Total |   3270 |   3180 |     90 |     61 |   2676 |   4 |  817.5 |
       Dungeon |   3270 |   3180 |     90 |     61 |   2676 |   4 |  817.5 |
               +--------+--------+--------+--------+--------+-----+--------+

Top non-repeatable levels by time:
     D:3: 1208 daAuts
     D:2: 1100 daAuts
     D:1: 954 daAuts
     D:4: 6 daAuts
